 Dungeon Crawl Stone Soup version 0.30-a0-778-g2ef04afb54 (console) character file.

Game seed: 16622140057136880404

718 rlgrobin the Cleaver (level 8, -1/63 HPs)
             Began as a Meteoran Fighter on Feb 17, 2023.
             Slain by an ogre
             ... wielding a +0 giant spiked club
              (7 damage)
             ... on level 6 of the Dungeon.
             The game lasted 00:03:48 (882 turns).

rlgrobin the Cleaver (Meteoran Fighter)              Turns: 882, Time: 00:03:48

Health: -1/63      AC: 14    Str: 20    XL:     8   Next: 21%
Magic:  9/9        EV:  5    Int: 10    God:
Gold:   115        SH:  5    Dex: 13    Spells: 7/7 levels left

rFire   + . .      SeeInvis .    a - +0 war axe
rCold   . . .      Faith    .    c - +0 buckler
rNeg    . . .      Spirit   .    f - +2 plate armour {rF+}
rPois   .          Reflect  .    (no helmet)
rElec   .          Harm     .    e - +0 cloak
rCorr   .          Rampage  .    (no gloves)
Will    +....                    (no boots) Stlth
                                 (no amulet)
HPRegen 0.30/turn                (no ring)
MPRegen 0.11/turn                (no ring)

@: glowing
A: sense surroundings 1, otherworldly, glowing, explore regen
a: no special abilities


You were on level 6 of the Dungeon.
You visited 1 branch of the dungeon, and saw 6 of its levels.

You collected 115 gold pieces.

Inventory:

Hand Weapons
 a - a +0 war axe (weapon)
Missiles
 m - 3 poisoned darts (quivered)
Armour
 c - a +0 buckler (worn)
 e - a +0 cloak (worn)
 f - a +2 plate armour of fire resistance (worn)
Wands
 i - a wand of mindburst (8)
 k - a wand of light (9)
 q - a wand of charming (14)
Scrolls
 b - 3 scrolls of identify {unknown}
 g - 2 scrolls of fear {unknown}
 j - a scroll of enchant weapon {unknown}
 l - a scroll of vulnerability {unknown}
 o - a scroll of brand weapon {unknown}
 r - a scroll of fog {unknown}
Potions
 d - a potion of invisibility {unknown}
 h - 2 potions of lignification {unknown}
 n - a potion of flight {unknown}
 p - a potion of degeneration {unknown}


   Skills:
 - Level 3.2 Fighting
 - Level 9.2 Axes
 - Level 3.6 Armour
 - Level 3.6 Shields
 + Level 3.9 Evocations


You had 7 spell levels left.
You didn't know any spells.
Your spell library was empty.

Dungeon Overview and Level Annotations

Branches:
Dungeon (6/15) Zot: 2682
 Temple: D:4-7

Altars:


Innate Abilities, Weirdness & Mutations

You passively map a small area around you.
You are easily found by Zot.
You glow in the dark.
You regain HP and MP as you explore.


Message History

You throw a poisoned dart. The poisoned dart hits the ogre.
You hit the ogre.
The ogre is lightly wounded.
An adder comes into view.
The ogre barely misses you.
You completely miss the ogre.
The ogre is lightly wounded.
The adder hisses angrily.
An orc comes into view. It is wielding a +3 short sword.
You barely miss the ogre.
The ogre is lightly wounded.
The orc shouts!
The ogre hits you with a +0 giant spiked club!
You barely miss the ogre.
The ogre is lightly wounded.
The ogre hits you with a +0 giant spiked club!!
You barely miss the ogre.
The ogre is lightly wounded.
You closely miss the ogre.
The ogre is lightly wounded.
You hit the adder. The ogre barely misses you. The adder barely misses you.
You hit the ogre.
The ogre is moderately wounded.
You hit the adder but do no damage. The adder bites you but does no damage.
The ogre barely misses you. You block the adder's attack.
You barely miss the ogre.
The ogre is moderately wounded.
You barely miss the adder. You block the adder's attack.
The ogre hits you with a +0 giant spiked club!!
* * * LOW HITPOINT WARNING * * *
You hit the ogre.
The ogre is moderately wounded.
You barely miss the adder. The adder bites you but does no damage.
You barely miss the ogre.
The ogre is moderately wounded.
You hit the orc. You hit the adder. The adder bites you but does no damage.
The orc hits you with a +3 short sword.
* * * LOW HITPOINT WARNING * * *
The ogre hits you with a +0 giant spiked club!
You die...

##.##.....##........ .#......
#..*##....)#........,.,.....#
#.,,#............).. . ......
# #......#....##...... [.....
.......##....#.... , ....
...................
.##................ , , *
###..##......#.## #.
#..@......# # #.SOo......, ,
#....(....##. #.#.......# ,
#..#........ #..#....###..
#....##..< .. ,, , ## .. *...
,,


You could see an ogre, an adder and an orc.

Vanquished Creatures
  A black bear (D:5)
  An ice beast (D:5)
  An ogre (D:5)
  2 centaurs (D:6)
  A kobold brigand (D:6)
  A jelly (D:6)
  A hound (D:6)
  2 iguanas
  A gnoll (D:1)
  6 adders
  A worm (D:5)
  A dart slug (D:2)
  10 orcs
  2 ball pythons
  3 endoplasms
  3 hobgoblins
  2 jackals (D:1)
  3 quokkas
  A bat (D:2)
  A frilled lizard (D:1)
  2 goblins (D:2)
  A kobold (D:2)
  A rat (D:1)
48 creatures vanquished.

Vanquished Creatures (others)
  A fungus (D:6)
1 creature vanquished.

Grand Total: 49 creatures vanquished

Notes
Turn   | Place    | Note
-------+----------+-------------------------------------------
     0 | D:1      | rlgrobin the Meteoran Fighter began the quest for the Orb.
     0 | D:1      | Reached XP level 1. HP: 19/19 MP: 2/2
    18 | D:1      | Reached skill level 3 in Axes
    18 | D:1      | Reached XP level 2. HP: 18/26 MP: 3/3
    35 | D:1      | Reached XP level 3. HP: 28/31 MP: 4/4
    66 | D:2      | Reached skill level 4 in Axes
   243 | D:2      | Reached XP level 4. HP: 37/38 MP: 5/5
   345 | D:3      | Reached skill level 5 in Axes
   448 | D:5      | Entered Level 5 of the Dungeon
   473 | D:5      | Noticed a black bear
   487 | D:5      | Killed a black bear
   488 | D:5      | Reached skill level 6 in Axes
   488 | D:5      | Reached XP level 5. HP: 12/45 MP: 6/6
   488 | D:5      | Reached XP level 6. HP: 14/51 MP: 7/7
   493 | D:5      | Noticed an ogre
   497 | D:5      | Noticed an ice beast
   511 | D:5      | Killed an ice beast
   512 | D:5      | Reached skill level 7 in Axes
   513 | D:5      | Killed an ogre
   514 | D:5      | Reached skill level 8 in Axes
   514 | D:5      | Reached XP level 7. HP: 42/57 MP: 8/8
   727 | D:6      | Reached skill level 9 in Axes
   811 | D:6      | Reached skill level 1 in Evocations
   820 | D:6      | Reached XP level 8. HP: 61/63 MP: 9/9
   882 | D:6      | Slain by an ogre

Illustrated notes

Levels and vault maps discovered:
D:1:      minmay_arrival_glassed_features, layout_basic,
          ebering_dispersal_statue_hall, minmay_pentomino_v2
D:2:      layout_basic, serial_shops, nicolae_shop_statue_plus
D:3:      layout_basic, bh_walls_and_bars
D:4:      layout_basic, nicolae_hepliaklqana_hazy_memory,
          minmay_temple_entry_trees, ebering_ghost_disaster_area
D:5:      layout_gridville
D:6:      layout_cave_pools, mainiacjoe_overflow_six_doors_small, st_stairs_11,
          minivault_11, corexii_leaking_fountain, dreamdust_mushroom_princess,
          dreamdust_wishing_well

Skill      XL: |  1  2  3  4  5  6  7  8 |
---------------+-------------------------+-----
Axes           | 3 4 6 8 9 |  9.2
Evocations     | 2 3 |  3.9
Fighting       | |  3.2
Armour         | |  3.6
Shields        | |  3.6

Action                     |  1- 3 |  4- 6 |  7- 9 || total
---------------------------+-------+-------+-------++-------
  Melee: War axe           |    44 |    46 |    76 ||   166
  Throw: Dart              |       |       |     1 ||     1
    Use: Potion            |       |     1 |       ||     1
 Armour: Scale mail        |    28 |       |       ||    28
         Plate armour      |     7 |    42 |    59 ||   108
  Dodge: Dodged            |    19 |    18 |    27 ||    64
  Block: Buckler           |    14 |    15 |    19 ||    48

Table legend: (Time is in decaauts)
 A = Elapsed time spent in this place.
 B = Non-inter-level travel time spent in this place.
 C = Inter-level travel time spent in this place.
 D = Time resting spent in this place.
 E = Time spent auto-exploring this place.
 F = Levels seen in this place.
 G = Mean time per level.
                   A        B        C        D        E       F      G
               +--------+--------+--------+--------+--------+-----+--------+
         Total |    916 |    916 |      0 |      0 |      0 |   6 |  152.7 |
       Dungeon |    916 |    916 |      0 |      0 |      0 |   6 |  152.7 |
               +--------+--------+--------+--------+--------+-----+--------+

Top non-repeatable levels by time:
     D:5: 282 daAuts
     D:2: 249 daAuts
     D:6: 158 daAuts
     D:4: 102 daAuts
     D:3: 72 daAuts
     D:1: 51 daAuts
